 Dungeon Crawl Stone Soup version 0.28.0-43-g3370ac3207 (console) character file.

Game seed: 8025318120169966868

1354 Zeor the Poker (level 8, -20/68 HPs)
             Began as a White Draconian Monk on Mar 30, 2022.
             Was a Believer of the Shining One.
             Demolished by a large abomination (29 damage)
             ... on level 1 of the Abyss.
             The game lasted 00:20:10 (7111 turns).

Zeor the Poker (White Draconian Monk)               Turns: 7111, Time: 00:20:11

Health: -20/68     AC:  6    Str: 20    XL:     8   Next: 37%
Magic:  7/10       EV: 19    Int: 10    God:    the Shining One [**....]
Gold:   146        SH:  7    Dex: 16    Spells: 7/7 levels left

rFire   . . .      SeeInvis .   q - +0 trident
rCold   + . .      Faith    .   (no shield)
rNeg    + . .      Spirit   .   (armour unavailable)
rPois   .          Reflect  .   (helmet restricted)
rElec   .          Harm     .   (no cloak)
rCorr   .          Rampage  .   (no gloves)
Will    .....                   (no boots)
Stlth   +.........              (no amulet)
HPRegen 0.21/turn               e - +4 ring of evasion
MPRegen 0.12/turn               w - +6 ring of strength

@: divinely shielded, glowing
A: breathe frost, AC +6, unfitting armour, cold resistance 1, cold-blooded
a: Breathe Frost, Renounce Religion, Divine Shield


You were on level 1 of the Abyss.
You worshipped the Shining One.
The Shining One was pleased with you.
You visited 2 branches of the dungeon, and saw 8 of its levels.
You visited the Abyss 1 time.

You collected 275 gold pieces.
You spent 129 gold pieces at shops.

Inventory:

Hand Weapons
 a - a +0 spear
 q - a +0 trident (weapon)
 y - a +0 falchion of holy wrath
Missiles
 h - 4 javelins
 m - 58 bolts
 r - 6 boomerangs
 s - 55 arrows
Jewellery
 e - a +4 ring of evasion (left hand)
 j - a ring of ice
 w - a +6 ring of strength (right hand)
 x - a ring of see invisible
Wands
 t - a wand of polymorph (7)
 u - a wand of iceblast (11)
 v - a wand of acid (9)
Scrolls
 g - a scroll of magic mapping
 o - 3 scrolls of fog
Potions
 b - 2 potions of brilliance
 c - 2 potions of mutation {unknown}
 d - 5 potions of flight
 f - 6 potions of heal wounds
 i - a potion of invisibility {unknown}
 k - 3 potions of curing
 l - 3 potions of ambrosia
 n - a potion of haste {unknown}
 p - a potion of resistance {unknown}


   Skills:
 + Level 5.3 Fighting
 + Level 7.8 Polearms
 * Level 5.8 Dodging
 - Level 1.7 Stealth
 * Level 2.6 Invocations


You had 7 spell levels left.
You didn't know any spells.
Your spell library contained the following spells:

 Spells                   Type           Power      Damage    Failure   Level
 Call Canine Familiar     Summ           0%         N/A       75%         3
 Dazzling Flash           Conj/Hex       0%         N/A       75%         3
 Gell's Gravitas          Tloc           0%         N/A       75%         3
 Portal Projectile        Hex/Tloc       0%         N/A       75%         3
 Teleport Other           Tloc           0%         N/A       75%         3
 Leda's Liquefaction      Hex/Erth       0%         N/A       98%         4
 Agony                    Necr           0%         N/A       100%        5
 Silence                  Hex/Air        0%         N/A       100%        5
 Dispersal                Tloc           0%         N/A       100%        6
 Malign Gateway           Summ/Tloc      0%         N/A       100%        7
 Summon Horrible Things   Summ           0%         N/A       100%        8


Dungeon Overview and Level Annotations

Branches:
Dungeon (7/15)             Temple (1/1) D:6

Altars:
Ashenzari
Cheibriados
Dithmenos
Elyvilon
Fedhas
Gozag
Hepliaklqana
Kikubaaqudgha
Makhleb
Nemelex Xobeh
Okawaru
Qazlal
Ru
Sif Muna
Trog
Vehumet
Wu Jian
Yredelemnul
Zin
The Shining One

Shops:
D:4 *!([

Portals:
Abyss: D:7

Annotations:
D:4 KittyFluff's ghost, amateur DsBe
D:5 exclusion: phantom
D:7 2 transporters, pkoi's ghost, novice DgAE


Innate Abilities, Weirdness & Mutations

You can breathe waves of freezing cold which knock back foes.
Your icy white scales are hard. (AC +6)
You cannot fit into any form of body armour.
Your flesh is cold resistant. (rC+)
You are cold-blooded and may be slowed by cold attacks.


Message History

The small abomination misses you.
You hit the small abomination but do no damage.
You tail-slap the small abomination.
The small abomination is moderately damaged.
The small abomination closely misses you.
You puncture the small abomination!
The small abomination is heavily damaged.
The small abomination closely misses you. x2
You puncture the small abomination!
The small abomination is almost destroyed.
The small abomination barely misses you.
You barely miss the small abomination.
The small abomination is almost destroyed.
The small abomination hits you but does no damage.
You barely miss the small abomination.
The small abomination is almost destroyed.
The small abomination misses you.
You hit the small abomination.
You tail-slap the small abomination, but do no damage.
The small abomination is almost destroyed.
The small abomination hits you but does no damage.
You hit the small abomination.
You destroy the small abomination!
That felt strangely unrewarding.
A large abomination comes into view.
You hit the large abomination but do no damage.
The large abomination hits you but does no damage.
A divine shield forms around you!
The large abomination completely misses you.
You hit the large abomination. You tail-slap the large abomination.
The large abomination is lightly damaged.
A wight comes into view. It is wielding a +0 battleaxe.
The large abomination barely misses you.
The large abomination hits you!! The large abomination hits you!!
* * * LOW HITPOINT WARNING * * *
You feel much better. The large abomination hits you!!
* * * LOW HITPOINT WARNING * * *
The large abomination hits you!!
You die...

▒∙ ▒∙▒ ▒∙∙ ▒
▒∙▒∙▒∙▒ ▒X▒▒∙▒∙
▒∙∙▒∙∙∙ ▒▒▒ ▒▒
▒∙∙∙∙∙▒▒∙∙▒ ∙∙
▒∙∙∙▒∙d∙▒∙▒ ▒
∙∙∙∙∙∙∙▒▒X∙∙▒
▒∙▒∙▒▒▒▒▒∙∙∙∙▒▒
▒∙ ∙▒∙∙∙▒∙∙∙∙▒
▒ ▒∙∙▒∙∙∙∙∙∙▒▒▒
▒∙ ▒▒ ▒∙∙▒∙z▒▒▒
∙ ▒▒∙▒▒▒∙▒∙∙▒
∙∙▒∙▒ ∙∙
∙∙▒∙∙∙∙ ▒∙∙▒∙∙
∙▒∙∙▒∙


You could see a large abomination.

Vanquished Creatures
  2 sky beasts (D:7)
  A centaur (D:7)
  An ogre (D:5)
  A small abomination (Abyss:1)
  4 bullfrogs
  4 scorpions
  A water moccasin zombie (D:5)
  3 wights (D:7)
  A centaur skeleton (D:7)
  3 hounds
  2 bullfrog skeletons
  A hound skeleton (D:4)
  4 gnolls (D:5)
  A shadow imp (D:7)
  A worm (D:2)
  3 dart slugs
  14 orcs
  6 bats
  7 endoplasms
  6 giant cockroaches
  8 goblins
  5 hobgoblins
  4 jackals (D:2)
  6 quokkas
  10 ball pythons
  3 frilled lizards (D:1)
  2 goblin zombies (D:7)
  11 kobolds
  4 rats
119 creatures vanquished.

Vanquished Creatures (others)
  4 withered plants (D:1)
4 creatures vanquished.

Grand Total: 123 creatures vanquished

Notes
Turn   | Place    | Note
-------+----------+-------------------------------------------
     0 | D:1      | Zeor the Draconian Monk began the quest for the Orb.
     0 | D:1      | Reached XP level 1. HP: 19/19 MP: 1/1
   111 | D:1      | Reached XP level 2. HP: 21/26 MP: 2/2
   213 | D:1      | You fall into a shaft and drop 1 floor!
   666 | D:1      | Reached XP level 3. HP: 31/31 MP: 3/3
   765 | D:1      | Found a faded altar of an unknown god.
  2138 | D:3      | Reached XP level 4. HP: 29/40 MP: 4/4
  2677 | D:3      | Found an opulent altar of Gozag.
  2896 | D:3      | Reached skill level 4 in Polearms
  3144 | D:4      | Found Oriock's Antique Weapon Emporium.
  3163 | D:4      | Found Plog's Armour Shop.
  3247 | D:4      | Reached XP level 5. HP: 17/46 MP: 5/5
  3559 | D:4      | Found Otet's Distillery.
  3577 | D:4      | Bought a potion of heal wounds for 55 gold pieces
  3577 | D:4      | Bought a potion of degeneration for 11 gold pieces
  3577 | D:4      | Bought a potion of attraction for 33 gold pieces
  3892 | D:4      | Found Yrhogeg's General Store.
  3897 | D:4      | Bought a potion of curing for 30 gold pieces
  3963 | D:4      | Found a runed translucent gate.
  3964 | D:4      | Found a runed translucent gate.
  3964 | D:4      | Noticed KittyFluff's ghost (amateur DsBe)
  3968 | D:4      | Found a runed translucent gate.
  4339 | D:5      | Entered Level 5 of the Dungeon
  4524 | D:5      | Noticed a phantom
  4628 | D:5      | Reached XP level 6. HP: 48/52 MP: 6/6
  4727 | D:5      | Reached skill level 5 in Polearms
  5336 | D:6      | Identified the +2 robe of Good Intentions {Slay+3}
  5369 | D:6      | Reached skill level 5 in Dodging
  5369 | D:6      | Your scales start taking on an icy white colour.
  5369 | D:6      | Reached XP level 7. HP: 47/60 MP: 7/7
  5369 | D:6      | Gained mutation: Your flesh is cold resistant. (rC+) [White
                  | Draconian growth]
  5501 | D:6      | Found a staircase to the Ecumenical Temple.
  5523 | Temple   | Entered the Ecumenical Temple
  5767 | Temple   | Became a worshipper of the Shining One
  5767 | Temple   | Reached * piety under the Shining One
  5767 | Temple   | Reached ** piety under the Shining One
  5984 | D:6      | Reached skill level 6 in Polearms
  6166 | D:7      | Reached skill level 1 in Invocations
  6237 | D:7      | Reached skill level 5 in Fighting
  6312 | D:7      | Found a transporter.
  6348 | D:7      | Reached XP level 8. HP: 68/68 MP: 9/9
  6372 | D:7      | Reached skill level 7 in Polearms
  6664 | D:7      | Found a runed translucent door.
  6669 | D:7      | Found a basalt altar of Yredelemnul.
  6744 | D:7      | Found a transporter.
  6849 | D:7      | Found a one-way gate to the infinite horrors of the Abyss.
  6849 | D:7      | Noticed pkoi's ghost (novice DgAE)
  7048 | D:4      | Cast into level 1 of the Abyss (kobold)
  7096 | Abyss:1  | Noticed a large abomination
  7111 | Abyss:1  | Demolished by a large abomination

Illustrated notes

Levels and vault maps discovered:
D:1:      roderic_chinese_lattice_arrival, layout_basic,
          ebering_ecumenical_altar_petrified, kennysheep_nondescript
D:2:      layout_loops_corners, chequers_decorated_corner
D:3:      layout_basic, mainiacjoe_overflow_concentric_impassable,
          nrook_mini_backslash, chequers_serial_rivers_small_3, minmay_circle_x
D:4:      layout_loops_ring, serial_shops, nicolae_shop_advertising_works
          [nicolae_subvault_shop_adworks], nicolae_shop_statue_plus, shop,
          nicolae_shop_stone, gammafunk_ghost_nasty_kobolds
D:5:      layout_rooms
D:6:      layout_cave_pools, minmay_temple_entry_offerings, nrook_mini_vaults,
          minivault_24
D:7:      layout_cave_pools, dk_yredelemnul_ordeal,
          gammafunk_ghost_abyssal_escape
Temple:   dpeg_five_rooms_temple
Abyss:1:  base:
D:3

Skill      XL: |  1  2  3  4  5  6  7  8 |
---------------+-------------------------+-----
Dodging        | 3 4 5 |  5.8
Polearms       | 4 5 6 7 |  7.8
Fighting       | 4 5 |  5.3
Invocations    | 2 |  2.6
Stealth        | |  1.7

Action                   |  1- 3 |  4- 6 |  7- 9 || total
-------------------------+-------+-------+-------++-------
Melee: Spear             |   177 |   116 |       ||   293
       Tailslap          |    12 |    27 |    23 ||    62
       Punch             |     1 |     3 |     2 ||     6
       Trident           |       |   108 |   100 ||   208
Throw: Javelin           |       |       |     1 ||     1
Invok: Divine Shield     |       |       |     1 ||     1
 Abil: Breathe Frost     |       |       |     3 ||     3
  Use: Scroll            |     3 |     5 |     3 ||    11
       Potion            |       |       |     1 ||     1
 Stab: Sleeping          |     8 |     8 |       ||    16
Armor: Skin              |    40 |    26 |    16 ||    82
Dodge: Dodged            |    87 |   126 |    82 ||   295
